[Event "*** Titled Tuesday Blitz"]
[Site "Chess.com"]
[Date "2018.09.04"]
[Round "9"]
[White "twitchTriniCupid"]
[Black "GreatDamnedRedSpot"]
[Result "1-0"]
[WhiteElo "2210"]
[BlackElo "2303"]
[TimeControl "180+2"]
[EndTime "15:40:38 PDT"]
[Termination "twitchTriniCupid won by resignation"]

1. d4 e6 2. c4 d5 3. Nf3 c6 4.
Nc3 Nd7 5. e3 f5 6. Be2 Ngf6 7.
O-O Bd6 8. b3 O-O 9. Bb2 Ne4 10.
Qc2 Rf6 11. Nxe4 fxe4 12. Ne5 Rh6 13. f4 exf3 14. Rxf3 Qg5 15. Nf7 Bxh2+ 16. Kf1 Qh4 17. Nxh6+ Qxh6 18. Bc1 Bd6 19. Rh3 Qf6+ 20. Kg1 Nf8 21.
Bg4 Bd7 22. Qf2 Qe7 23. Bd2 Ng6 24. Rf1 Rf8 25. Qe2 Rxf1+ 26. Qxf1 Nf8 27. Qf3 g6 28. Qf2 b6 29. cxd5 exd5 30. Bxd7 Nxd7 31. Rf3 Kg7 32. Bc3 Nf6 33. Be1 Ne4 34. Qe2 Bc7 35. Qa6 Qd6 36. Rh3 Bb8 37. Qb7+ Kg8 38. Qxh7+ Kf8 39. Rf3+ Ke8 40. Bh4 Qh2+ 41. Kf1 Qh1+ 42. Ke2 Qxg2+ 43. Bf2 Ng3+ 44. Rxg3 Qe4 45. Qxg6+ 1-0

[Event "*** Titled Tuesday Blitz"]
[Site "Chess.com"]
[Date "2018.09.04"]
[Round "9"]
[White "Superfelix"]
[Black "Kurai"]
[Result "1-0"]
[WhiteElo "2374"]
[BlackElo "2434"]
[TimeControl "180+2"]
[EndTime "15:40:46 PDT"]
[Termination "Superfelix won by resignation"]

1. e4 e5 2. Nf3 Nc6 3. d4 exd4 4.
Nxd4 Nf6 5. Nc3 Bb4 6. Nxc6 bxc6 7. Bd3 O-O 8. O-O d5 9. exd5 cxd5 10. h3 c6 11. Qf3 Bd6 12. Bf4 Rb8 13. b3 Rb4 14.
Ne2 Re8 15. Bxd6 Qxd6 16. Rfe1 c5 17. Ng3 Be6 18. Nf5 Qf4 19. Qxf4 Rxf4 20. Nd6 Rb8 21. g3 Rfb4 22. Bf5 R4b6 23. Bxe6 fxe6 24. Rxe6 Rd8 25. Rxf6 gxf6 26. Nf5 Re6 27. Kf1 Re5 28. Ne3 Kf7 29. Rd1 h5 30. h4 d4 31. Ng2 Rd6 32. Nf4 Ra6 33. a4 Rc6 34. Nd3 Rf5 35. Nf4 Ke7 36.
Kg2 Kd7 37. Kf3 Re5 38. Nd3 Re8 39. Nf4 Re5 40. Nd3 Re8 41. Rd2 Kc7 42. Nb2 Rce6 43. Nd3 Kc6 44. Nf4 Re5 45. Rd1 Rf5 46. Rd3 Ree5 47. c3 dxc3 48. Rxc3 Re1 49. Kg2 Rb1 50.
Nd3 Rd5 51. Nb4+ Kd6 52. Nxd5 Kxd5 53. Rd3+ Ke4 54. Rc3 Kd4 55. Rc4+ Kd5 56. Rc3 Kd4 57. Rf3 a5 58. Rf4+ Kc3 59. Rc4+ Kxb3 60. Rxc5 Kxa4 61.
Rxh5 Rb7 62. Rf5 Kb4 63. Rxf6 a4 64. Ra6 Rb8 65. g4 a3 66. g5 Rb5 67. Rxa3 Kxa3 68.
g6 Kb4 69. g7 Rb8 70. h5 Kc5 71. h6 Rg8 72. Kf3 Kd6 73. h7 1-0

[Event "*** Titled Tuesday Blitz"]
[Site "Chess.com"]
[Date "2018.09.04"]
[Round "9"]
[White "335394862"]
[Black "NemtsevIgor"]
[Result "0-1"]
[WhiteElo "2300"]
[BlackElo "2372"]
[TimeControl "180+2"]
[EndTime "15:40:46 PDT"]
[Termination "NemtsevIgor won by checkmate"]

1. e4 c6 2. Nf3 d5 3. Nc3 Bg4 4. h3 Bh5 5. exd5 cxd5 6. g4 Bg6 7. Bb5+ Nc6 8. Ne5 Rc8 9. d4 e6 10. h4 f6 11. Nxg6 hxg6 12. Be3 g5 13. Bd3 gxh4 14. Bg6+ Kd7 15. Qf3 Bb4 16. O-O Nge7 17. Bf7 Bxc3 18. bxc3 Qf8 19. Bxe6+ Kxe6 20. Rfe1 Kf7 21.
g5 Qd8 22. Kh1 Qd7 23. gxf6 gxf6 24. c4 dxc4 25. d5 Qxd5 26. Qxd5+ Nxd5 27. Bc5 Rhe8 28. Red1 Rcd8 29. Rg1 b6 30. Ba3 Nd4 31. Bb2 c3 32.
Bc1 Nxc2 33. Rb1 Ne1 34. Bh6 Nf3 35. Rg7+ Ke6 36. Kg2 Nd4 37. Rxa7 c2 38. Rc1 Rg8+ 39. Kf1 Kf5 40. Ra4 Nc3 41. Rc4 Nce2 42. Rxd4 Nxd4 43.
Be3 h3 44. Bxd4 Rxd4 45. Ke2 Rd1 46. Rxc2 h2 47. Kxd1 h1=Q+ 48. Ke2 Re8+ 49. Kd2 Qe1+ 50. Kd3 Qe4+ 51. Kd2 Rd8+ 52. Kc1 Rd4 53. f3 Qe3+ 54. Kb1 Rb4+ 55. Rb2 Qd3+ 56. Kc1 Rc4+ 57. Rc2 Qxc2# 0-1

[Event "*** Titled Tuesday Blitz"]
[Site "Chess.com"]
[Date "2018.09.04"]
[Round "9"]
[White "BvsN"]
[Black "ddtru"]
[Result "1/2-1/2"]
[WhiteElo "2222"]
[BlackElo "2257"]
[TimeControl "180+2"]
[EndTime "15:40:53 PDT"]
[Termination "Game drawn by agreement"]

1. d4 Nf6 2. c4 e6 3. Nc3 d5 4.
cxd5 Nxd5 5. e4 Nxc3 6. bxc3 c5 7. a3 cxd4 8. cxd4 Be7 9. Nf3 O-O 10. Bd3 b6 11.
O-O Bb7 12. Qe2 Nd7 13. Bb2 Nf6 14. Ne5 Rc8 15. Rfe1 Re8 16. Nxf7 Kxf7 17. e5 Qd5 18. f4 g6 19. exf6 Bxf6 20. Qf2 Red8 21. Be4 Qd7 22. Bxb7 Qxb7 23. d5 Qxd5 24. Bxf6 Kxf6 25. Qh4+ Kg7 26. Qe7+ Kg8 27. Rad1 Qc5+ 28. Qxc5 bxc5 29. Rxd8+ Rxd8 30. Rxe6 Rc8 31. Kf2 Kf7 32. Ra6 Rc7 33. Ke3 c4 34. Kd2 c3+ 35. Kc2 h6 36. g4 Kg7 37. a4 h5 38. f5 gxf5 39. gxf5 h4 40. h3 Kg8 41. Rg6+ Kf7 42. Rg4 Kf6 43. Rxh4 Kxf5 44. Rg4 a5 45. Rg3 Rc4 46. Rg4 Rxg4 47. hxg4+ Kxg4 48. Kxc3 Kf5 49. Kc4 Ke6 50. Kb5 Kd7 51. Kxa5 Kc8 52. Ka6 Kb8 1/2-1/2

[Event "*** Titled Tuesday Blitz"]
[Site "Chess.com"]
[Date "2018.09.04"]
[Round "9"]
[White "snowlord"]
[Black "ulises2013"]
[Result "0-1"]
[WhiteElo "2705"]
[BlackElo "2607"]
[TimeControl "180+2"]
[EndTime "15:40:55 PDT"]
[Termination "ulises2013 won by resignation"]

1. d4 Nf6 2. Nf3 e6 3. Bg5 Be7 4. c4 O-O 5. e3 b6 6. Nc3 Bb7 7. Rc1 c5 8. d5 Nxd5 9. cxd5 Bxg5 10. Bd3 Bf6 11. Be4 Bxc3+ 12. Rxc3 e5 13. Nxe5 Qe8 14. f4 d6 15. O-O dxe5 16. Qh5 g6 17. Qh6 f5 18.
Bc2 Nd7 19. e4 fxe4 20. Rh3 Qf7 21. Bb3 Qg7 22. Qh4 exf4 23. d6+ Kh8 24. Rxf4 Rxf4 25. Qxf4 Rf8 26. Qe3 Qd4 27. a4 Qxe3+ 28. Rxe3 Rf6 29.
a5 Rxd6 30. g4 bxa5 31. Kf2 Rd3 32. Bc4 Rxe3 33. Kxe3 Ne5 34. Be6 Kg7 35. g5 h6 36.
h4 hxg5 37. hxg5 Kf8 38. Kf4 Nf7 39. Bd7 Ke7 40. Ba4 Kd6 41. Bb3 Ne5 42. Bg8 Bd5 43. Bh7 a4 44. Ke3 a5 45. Kf4 c4 46. Ke3 c3 47.
bxc3 a3 48. c4 Bxc4 0-1

[Event "*** Titled Tuesday Blitz"]
[Site "Chess.com"]
[Date "2018.09.04"]
[Round "9"]
[White "champ2005"]
[Black "W_Amadeus"]
[Result "1/2-1/2"]
[WhiteElo "2729"]
[BlackElo "2590"]
[TimeControl "180+2"]
[EndTime "15:41:03 PDT"]
[Termination "Game drawn by repetition"]

1. e4 d6 2. d4 Nf6 3. Nc3 c6 4. f4 Qa5 5. Bd3 Bg4 6. Nf3 Nbd7 7. O-O e5 8. dxe5 dxe5 9. h3 Bc5+ 10. Kh1 Bxf3 11.
Qxf3 O-O 12. Qg3 Nh5 13. Qg4 Ndf6 14. Qh4 Be7 15. Qe1 Nxf4 16. Bxf4 exf4 17. Rxf4 Bd6 18. Rf5 Be5 19. Nd5 Qxe1+ 20. Rxe1 cxd5 21. Rxe5 dxe4 22. Bxe4 Nxe4 23. R5xe4 Rac8 24. c3 f5 25. Re7 Rf7 26. R7e5 Rd8 27. R1e2 g6 28. Kh2 Kg7 29. a4 Rd3 30. a5 f4 31. Rf2 h6 32. Re6 g5 33. a6 bxa6 34. Rxa6 h5 35. c4 g4 36. hxg4 hxg4 37. Rf1 Rb3 38. Ra2 Kg6 39. c5 Kg5 40. c6 Kh4 41. Rc1 Rc7 42. Kg1 Rb6 43. Rc4 Rcxc6 44. Rxf4 Rc1+ 45. Rf1 Rxf1+ 46. Kxf1 Kg3 47.
Kg1 Rb3 48. Rxa7 Rxb2 49. Ra3+ Kh4 50. Rc3 g3 51. Kf1 Rb1+ 52. Ke2 Rb2+ 53. Kf1 Rb1+ 54. Ke2 Rb2+ 55. Kf1 Rb1+ 1/2-1/2

[Event "*** Titled Tuesday Blitz"]
[Site "Chess.com"]
[Date "2018.09.04"]
[Round "9"]
[White "Divertissement"]
[Black "VladDobrov"]
[Result "1-0"]
[WhiteElo "2566"]
[BlackElo "2688"]
[TimeControl "180+2"]
[EndTime "15:41:04 PDT"]
[Termination "Divertissement won by resignation"]

1. e4 c5 2. Nf3 d6 3. Bb5+ Bd7 4.
Bxd7+ Qxd7 5. c4 e5 6. O-O Nc6 7. a3 Be7 8. Nc3 Bd8 9. Nd5 Nge7 10. b4 O-O 11. Rb1 f5 12. d3 Nxd5 13. cxd5 Nd4 14.
bxc5 Nxf3+ 15. Qxf3 dxc5 16. Qh3 Ba5 17. Be3 b6 18. f4 Rae8 19. Rf3 Qe7 20. Rbf1 fxe4 21.
dxe4 c4 22. fxe5 Qxe5 23. Rxf8+ Rxf8 24. Rxf8+ Kxf8 25. Qc8+ Ke7 26. Qxc4 Kf7 27. a4 Kg6 28. g3 h5 29. Kg2 Qb2+ 30. Kh3 Qe5 31. Qc6+ Kh7 32.
d6 Qe6+ 33. Kg2 Qa2+ 34. Kf3 Qf7+ 35. Bf4 g5 36. d7 b5 37. Qxb5 g4+ 38. Kf2 Bb6+ 39.
Ke1 Qe7 40. Qxh5+ Kg8 41. Qxg4+ Kh8 42. Qh5+ Kg8 43. Qg5+ Kf7 44. Qxe7+ Kxe7 45. Ke2 Kxd7 46. Kd3 Ke7 47. Kc4 Ke6 48. g4 a6 49. h4 1-0

[Event "*** Titled Tuesday Blitz"]
[Site "Chess.com"]
[Date "2018.09.04"]
[Round "9"]
[White "Arash_Tahbaz"]
[Black "Eagle_pada"]
[Result "1-0"]
[WhiteElo "2774"]
[BlackElo "2700"]
[TimeControl "180+2"]
[EndTime "15:41:07 PDT"]
[Termination "Arash_Tahbaz won by resignation"]

1. d4 Nf6 2. Nf3 e6 3. Bf4 d5 4. e3 Bd6 5. Bd3 c5 6. c3 Bxf4 7. exf4 Qb6 8. Qc2 cxd4 9. Nxd4 Nc6 10. Nxc6 bxc6 11. O-O Ba6 12. Bxa6 Qxa6 13. Nd2 O-O 14. Nf3 Ne4 15. Rfe1 Qb6 16. c4 Rab8 17. b3 Rfd8 18. Ne5 Rbc8 19. Rad1 Qa5 20. h4 Re8 21. Rc1 Qd8 22. g3 f6 23. Nf3 Qb6 24. Kg2 Qb7 25.
h5 c5 26. Qd3 Rcd8 27. Re2 Qf7 28. h6 gxh6 29. cxd5 exd5 30. Nd2 f5 31. Nf3 d4 32.
Ne5 Qd5 33. f3 Nc3 34. Ree1 Qe6 35. Ng4 Qg6 36. Rxe8+ Rxe8 37. Qc4+ Kh8 38. Ne5 Qg8 39. Qa6 Qg7 40. Kf2 Rg8 41. Rg1 Qe7 42. Rh1 Qg7 43. Rh3 Nd1+ 44. Ke2 Nc3+ 45. Kf1 Nd5 46. Qe6 Ne3+ 47.
Kf2 Qf8 48. Rxh6 Rg7 49. Ng6+ Rxg6 50. Qxg6 Qe7 51. Qf6+ Qxf6 52. Rxf6 Kg7 53. Rc6 c4 54. bxc4 Nd1+ 55. Ke1 Nc3 56. Rd6 Nxa2 57. Rxd4 a5 58.
Rd7+ Kg6 59. Rd6+ Kg7 60. Ra6 Nb4 61. Rxa5 Nd3+ 62. Kd2 Nf2 63. Rxf5 Nh1 64. Ke3 Kg6 65. Rg5+ Kf6 66. c5 1-0

[Event "*** Titled Tuesday Blitz"]
[Site "Chess.com"]
[Date "2018.09.04"]
[Round "9"]
[White "oskariot"]
[Black "Cryptochess"]
[Result "0-1"]
[WhiteElo "2500"]
[BlackElo "2545"]
[TimeControl "180+2"]
[EndTime "15:41:17 PDT"]
[Termination "Cryptochess won on time"]

1. c4 Nf6 2. g3 e6 3. Bg2 d5 4. Nf3 dxc4 5. Qa4+ c6 6. Qxc4 b5 7.
Qc2 Bb7 8. a4 Nd5 9. O-O Nd7 10.
Nc3 b4 11. Ne4 c5 12. a5 Be7 13. a6 Bc6 14. Nd4 cxd4 15. Qxc6 O-O 16. d3 Rc8 17. Qb7 Rc7 18. Qb5 N7b6 19. Qa5 b3 20. Qe1 Rc2 21. Nd2 Bb4 22. Qd1 Bxd2 23. Bxd2 Qc7 24.
Ba5 Qc5 25. Ra3 Qb5 26. Bxb6 Nxb6 27. Qb1 Rfc8 28. Bf3 g6 29. h4 h5 30. Kg2 Kg7 31.
Rd1 Nd7 32. Qa1 Qb6 33. Ra4 Ne5 34. Bb7 R8c7 35. Re1 Rd2 36. Qa3 Rcc2 37. Rb4 Qc7 38. Qxb3 Rxe2 39. Rxe2 Rxe2 40. Rxd4 Ng4 41. Rf4 e5 42.
Rf3 f6 43. Qc3 Qb6 0-1

[Event "*** Titled Tuesday Blitz"]
[Site "Chess.com"]
[Date "2018.09.04"]
[Round "9"]
[White "JonahWillow"]
[Black "wannabe2700"]
[Result "1-0"]
[WhiteElo "2736"]
[BlackElo "2588"]
[TimeControl "180+2"]
[EndTime "15:41:17 PDT"]
[Termination "JonahWillow won by resignation"]

1. Nc3 d5 2. e4 d4 3. Nce2 e5 4. Ng3 Nf6 5. Bc4 Bd6 6. d3 O-O 7. N1e2 c5 8. O-O Nc6 9. a3 h5 10. f4 h4 11. Nh1 exf4 12. Nxf4 Ne5 13. Ba2 Nfg4 14. h3 Ne3 15. Bxe3 dxe3 16. Qe1 Qg5 17. Qxe3 Ng6 18. Nd5 Qe5 19. Kf2 Qxb2 20. Qg5 Qxc2+ 21. Kg1 Be6 22. Nf6+ gxf6 23. Rxf6 Qb2 24. Rxg6+ fxg6 25. Qxg6+ Qg7 26. Bxe6+ Kh8 27. Qh5+ Qh7 28. Qg4 Rf4 29.
Qg5 Qg7 30. Qh5+ Qh7 31. Qg5 Raf8 32. Bf5 R4xf5 33. exf5 Be5 34. Rf1 Bd4+ 35. Kh2 Rg8 36. Qf4 Re8 37. Qg4 Qc7+ 38. g3 hxg3+ 39. Nxg3 Be5 40. h4 Rg8 41. Qh5+ Qh7 42. Qxh7+ Kxh7 43. Rf3 b5 44. d4 Rxg3 45. Rxg3 Bxg3+ 46. Kxg3 cxd4 47.
Kf4 a5 48. Ke4 b4 49. axb4 a4 50. Kxd4 a3 51. Kc3 a2 52. Kb2 a1=Q+ 53. Kxa1 1-0

[Event "*** Titled Tuesday Blitz"]
[Site "Chess.com"]
[Date "2018.09.04"]
[Round "9"]
[White "tony15051987"]
[Black "area_5"]
[Result "1-0"]
[WhiteElo "2470"]
[BlackElo "2564"]
[TimeControl "180+2"]
[EndTime "15:41:28 PDT"]
[Termination "tony15051987 won on time"]

1. Nf3 e6 2. c4 g5 3. h3 Bg7 4. d4 h6 5. Nc3 d5 6. e4 dxe4 7. Nxe4 Nc6 8. d5 exd5 9. cxd5 Qe7 10. dxc6 Qxe4+ 11. Be2 Qxc6 12. O-O Ne7 13. Nd4 Qd7 14. Be3 O-O 15. Rb1 c5 16. Nb5 Qxd1 17. Rfxd1 Bf5 18. Bd3 Bxd3 19. Rxd3 b6 20. Rd7 Nc6 21. b3 a6 22. Nc7 Ra7 23. Rbd1 Nd4 24. Bxd4 Bxd4 25. Re1 Bf6 26. Ne8 Rxd7 27. Nxf6+ Kg7 28. Nxd7 Rd8 29. Nxb6 Rd2 30. a4 Rb2 31. Re3 f5 32. Nc4 Rb1+ 33.
Kh2 f4 34. Rd3 Kf6 35. a5 h5 36. Rd6+ Kf5 37. Rxa6 g4 38. hxg4+ hxg4 39. Rb6 Rf1 40.
a6 Rxf2 41. a7 Ra2 42. Nd6+ Kg5 43. Ne4+ Kf5 44. Nd6+ Kg5 45. Ne4+ Kf5 46. Nd6+ Ke5 47. Nf7+ Ke4 48. Re6+ Kf5 49. Re7 Ra1 50. Nd6+ Kg5 51. Re5+ 1-0

[Event "*** Titled Tuesday Blitz"]
[Site "Chess.com"]
[Date "2018.09.04"]
[Round "9"]
[White "Fins0905"]
[Black "Abund"]
[Result "0-1"]
[WhiteElo "2577"]
[BlackElo "2477"]
[TimeControl "180+2"]
[EndTime "15:41:38 PDT"]
[Termination "Abund won by resignation"]

1. d4 Nf6 2. c4 e6 3. Nf3 b6 4. g3 Ba6 5. Qa4 c5 6. dxc5 bxc5 7.
Bg2 Bb7 8. O-O Be7 9. Nc3 O-O 10. Rd1 Qb6 11. Bf4 Rd8 12. Rd2 d6 13. Rad1 Ne8 14. Qb5 Nc6 15. Qxb6 axb6 16. b3 Rd7 17. Na4 Ra6 18. e4 Nd4 19. Nxd4 cxd4 20. Rxd4 Bc6 21. Nc3 Rda7 22. R4d3 Bf6 23. a4 Bxc3 24. Rxc3 e5 25. Be3 Rb7 26. Ra1 Kf8 27. Bf1 Ra8 28. f3 Nc7 29.
Rd3 Ke7 30. Rd2 Ne6 31. Rda2 Nc5 32. b4 Nb3 33. Rb1 Rxa4 34. b5 Rxa2 35. bxc6 Rc7 36. Rxb3 Rxc6 37. Bxb6 Rc8 38. Bf2 g6 39. Rb7+ Kf8 40.
h4 Rc2 41. Rb6 Ke7 42. Rb7+ Kf8 43. Be3 Ra8 44. Bh6+ Ke8 45. Rb6 Ke7 46. Rb7+ Ke8 47. Rb6 Ra1 48. Rxd6 Rxc4 49. Kg2 Rc2+ 50. Bd2 Raa2 51.
Bb5+ Ke7 52. Rb6 Rxd2+ 53. Kh3 h5 54. Rb7+ Kf6 55. Rb6+ Kg7 0-1

[Event "*** Titled Tuesday Blitz"]
[Site "Chess.com"]
[Date "2018.09.04"]
[Round "9"]
[White "patrisiii123"]
[Black "Saitama_Hero"]
[Result "0-1"]
[WhiteElo "2304"]
[BlackElo "2211"]
[TimeControl "180+2"]
[EndTime "15:41:38 PDT"]
[Termination "Saitama_Hero won by resignation"]

1. e4 c5 2. Nf3 d6 3. d4 cxd4 4. Nxd4 Nf6 5. Nc3 a6 6. Be2 e5 7. Nb3 Be7 8. O-O Be6 9. f4 Qc7 10. Kh1 Nbd7 11. Be3 Rc8 12. a4 O-O 13. a5 Bc4 14.
Bxc4 Qxc4 15. Qf3 Rfe8 16. Ra4 Qc6 17. f5 h6 18. Nd2 Bd8 19. Rc4 Qxc4 20. Nxc4 Rxc4 21.
Qe2 Rc6 22. Nd5 Nxd5 23. exd5 Rc8 24. b4 Nf6 25. c4 Re7 26. Qd3 Rec7 27. c5 Be7 28.
cxd6 Bxd6 29. Bb6 Rc3 30. Qe2 Rc2 31. Qe1 Nxd5 32. b5 Nf4 33. g3 Re2 34. Qd1 Rcc2 35. Rxf4 exf4 36. Qxd6 Rxh2+ 37. Kg1 Rhg2+ 38. Kf1 f3 39. Qf4 Rgd2 40. Ke1 f2+ 41. Bxf2 Rxf2 42. Qxf2 Rxf2 43.
Kxf2 axb5 44. Ke3 Kf8 45. Kd4 Ke7 46. Kc5 Kd7 47. Kxb5 Kc7 48. Kc5 g6 49. f6 h5 50.
Kd5 g5 51. Ke5 h4 52. gxh4 gxh4 53. Kf4 Kd6 54. Kg4 Ke6 55. Kxh4 Kxf6 56. Kg4 Ke5 57. Kf3 Kf5 58. Ke3 Kg4 59. Kd3 f5 60. Kc4 f4 61. Kb5 f3 62. Kb6 f2 63. Kxb7 f1=Q 64.
a6 Qb5+ 65. Ka7 Kf5 66. Ka8 Qxa6+ 67. Kb8 Qb6+ 68. Ka8 Qc6+ 69. Kb8 Qd7 0-1

[Event "*** Titled Tuesday Blitz"]
[Site "Chess.com"]
[Date "2018.09.04"]
[Round "9"]
[White "r31415"]
[Black "alpasya2009"]
[Result "1-0"]
[WhiteElo "2380"]
[BlackElo "2441"]
[TimeControl "180+2"]
[EndTime "15:41:45 PDT"]
[Termination "r31415 won by resignation"]

1. e4 c5 2. Nf3 d6 3. d4 cxd4 4.
Nxd4 Nf6 5. Nc3 a6 6. h3 e6 7.
g4 Nfd7 8. Bg2 Be7 9. O-O Nc6 10. Nce2 O-O 11. Be3 Nce5 12. b3 Ng6 13. f4 e5 14. Nf5 exf4 15. Nxf4 Nxf4 16. Bxf4 Ne5 17. Qd2 Qc7 18. Ne3 Be6 19. c4 b5 20. cxb5 axb5 21. Rfc1 Qb6 22. Kh1 Ng6 23. Bg3 Bg5 24.
Bf2 Ne5 25. Rd1 Rfd8 26. Nd5 Bxd2 27. Bxb6 Bxd5 28. exd5 Bc3 29. Rac1 Rdc8 30. Rc2 Bb4 31. Rdc1 Rxc2 32. Rxc2 Bc5 33. Bxc5 dxc5 34. Rxc5 g6 35. d6 Re8 36. Rxb5 f6 37. Rb7 Rd8 38. Bd5+ Kf8 39. Rb6 Ke8 40. a4 Kd7 41. a5 Nd3 42. a6 Nf4 43. Bg2 Re8 44. Bc6+ Kxd6 45. Bxe8+ Kc7 46. Rb7+ Kc8 47. Bd7+ Kd8 48. Bc6 Ne6 49. a7 Nc7 50. Rxc7 Kxc7 51. a8=Q f5 52. Qb7+ Kd6 53. Qxh7 Kc5 54.
Qxg6 fxg4 55. Qf5+ Kb6 56. hxg4 Kc7 57. g5 Kb6 58. b4 Kc7 59. Qd7+ 1-0

[Event "*** Titled Tuesday Blitz"]
[Site "Chess.com"]
[Date "2018.09.04"]
[Round "9"]
[White "tteshan"]
[Black "TastyFrenchFries"]
[Result "0-1"]
[WhiteElo "2076"]
[BlackElo "2383"]
[TimeControl "180+2"]
[EndTime "15:41:51 PDT"]
[Termination "TastyFrenchFries won by resignation"]

1. d4 e6 2. c4 Nf6 3. Nc3 Bb4 4. e3 O-O 5. Bd3 d5 6. cxd5 exd5 7. Ne2 Re8 8. Bd2 Bd6 9. Rc1 c6 10. O-O b6 11. Ng3 Ba6 12. Bxa6 Nxa6 13. Qa4 Nb8 14. f3 Qd7 15. Nce2 c5 16. Qxd7 Nbxd7 17. Nf5 Bf8 18.
b3 g6 19. Nfg3 h5 20. Rfd1 h4 21. Nf1 a6 22. Be1 g5 23. Bf2 a5 24. Nc3 cxd4 25.
Rxd4 Rac8 26. Rdd1 Ba3 27. Rc2 Kg7 28. Be1 Re6 29. Re2 Rc5 30. Na4 Rc8 31. Kf2 Rec6 32. Nb2 Rc2 33. Rdd2 Rxd2 34. Rxd2 Bb4 35. Re2 Bd6 36. Nd3 Ne5 37. Nxe5 Bxe5 38. g3 h3 39. g4 Rc1 40. Ng3 Kg6 41. Bd2 Ra1 42. Be1 d4 43. Nf1 d3 44. Rd2 Bc3 45. e4 Bxd2 46. Bxd2 Rxa2 47. Ke3 Rb2 48. Kxd3 Rxb3+ 49. Ke2 a4 50.
Ne3 Nd7 51. Nc4 b5 52. Nd6 Ne5 53. Be3 Nc4 54. Bd4 Nxd6 0-1

[Event "*** Titled Tuesday Blitz"]
[Site "Chess.com"]
[Date "2018.09.04"]
[Round "9"]
[White "Haykos"]
[Black "farzadbfd"]
[Result "0-1"]
[WhiteElo "2530"]
[BlackElo "2541"]
[TimeControl "180+2"]
[EndTime "15:41:52 PDT"]
[Termination "farzadbfd won by resignation"]

1. e4 e5 2. Nf3 Nf6 3. Nxe5 d6 4. Nf3 Nxe4 5. Nc3 Nxc3 6. dxc3 Be7 7. Be3 O-O 8. Qd2 Nd7 9. O-O-O Nc5 10. Bc4 Be6 11. Bd5 c6 12. Bxe6 Nxe6 13. Rhe1 Qa5 14. Kb1 Rad8 15. c4 Qc7 16. Nd4 Bf6 17. Nxe6 fxe6 18.
Bd4 e5 19. Bc3 d5 20. cxd5 cxd5 21. f3 Rfe8 22. g4 h6 23. Qf2 b6 24. h4 d4 25.
Bd2 d3 26. cxd3 Rxd3 27. g5 hxg5 28. Bxg5 Qd7 29. Qc2 Rd8 30. Rc1 Rxf3 31. Rg1 Qf5 32. Qxf5 Rxf5 33. Bxf6 Rxf6 34. Rc7 Rf7 35. Rc2 Re8 36.
Re2 Rf6 37. Rg5 Rfe6 38. Kc2 e4 39. Kd2 Rf6 40. Rg3 Rf4 41. h5 Rh4 42. Rg5 Kh7 43. Reg2 Re7 44. Ke3 Rh3+ 45. Ke2 e3 46. R5g3 Rxg3 47.
Rxg3 Kh6 48. Rh3 Re5 49. Rg3 Re7 50. Rh3 Kg5 51. Rh1 b5 52. Rh2 a6 53. b4 Kf5 54. Rg2 Ke4 55. Rg4+ Kd5 56. a3 Ke5 57. Kxe3 Kf5+ 58. Kf3 Re3+ 59. Kxe3 Kxg4 60. Kd4 Kxh5 61. Kc5 g5 62. Kb6 g4 63. Kxa6 g3 64. a4 bxa4 65. b5 g2 66. b6 g1=Q 67. b7 Qb1 0-1

[Event "*** Titled Tuesday Blitz"]
[Site "Chess.com"]
[Date "2018.09.04"]
[Round "9"]
[White "dretch"]
[Black "nihalsarin"]
[Result "1/2-1/2"]
[WhiteElo "2778"]
[BlackElo "2856"]
[TimeControl "180+2"]
[EndTime "15:42:10 PDT"]
[Termination "Game drawn - insufficient material"]

1. d4 f5 2. g3 Nf6 3. Bg2 e6 4. Nf3 d5 5. O-O Bd6 6. c4 c6 7. b3 Qe7 8. Bb2 O-O 9. Qc1 Ne4 10. Ba3 Nd7 11. Bxd6 Nxd6 12. Qa3 Re8 13. Nbd2 Nf6 14. Ne5 Bd7 15. Rac1 Red8 16. e3 Be8 17. Rfe1 Bh5 18. h3 Kf8 19. Qb2 Nf7 20. Ndf3 Bxf3 21.
Nxf3 Ne4 22. b4 b5 23. cxb5 cxb5 24. Ne5 Rdc8 25. g4 g6 26. f3 Ned6 27. Nd3 Nc4 28. Qf2 Kg7 29. e4 fxe4 30. fxe4 dxe4 31. Bxe4 Rab8 32.
Bg2 Rf8 33. Kh1 Nfe5 34. Qg3 Nxd3 35. Qxd3 Qxb4 36. Rxe6 Rbe8 37. d5 Rxe6 38. dxe6 Qe7 39. Qd4+ Kg8 40. Re1 a6 41. g5 Nd6 42. Qb4 Nf5 43.
Qxe7 Nxe7 44. Rd1 Rc8 45. Bb7 Rc2 46. Rd8+ Kg7 47. Rd7 Kf8 48. Bxa6 Rxa2 49. Bxb5 Ra5 50. Rb7 Ra3 51. Kg2 Re3 52. Rb8+ Kg7 53. Bd7 h6 54.
gxh6+ Kxh6 55. Rf8 Nf5 56. Kf2 Re5 57. Kf3 Kg5 58. Rf7 Re3+ 59. Kf2 Re5 60. Bc8 Kf4 61. h4 Kg4 62. Rf6 Kxh4 63. Rxg6 Ne7 64. Rh6+ Kg5 65. Rh8 Nxc8 66. Rxc8 Rxe6 67. Rf8 Rf6+ 68. Rxf6 Kxf6 1/2-1/2

[Event "*** Titled Tuesday Blitz"]
[Site "Chess.com"]
[Date "2018.09.04"]
[Round "9"]
[White "Kimster98"]
[Black "nochewycandy"]
[Result "1-0"]
[WhiteElo "2479"]
[BlackElo "2183"]
[TimeControl "180+2"]
[EndTime "15:42:19 PDT"]
[Termination "Kimster98 won by checkmate"]

1. Nf3 g6 2. d4 Bg7 3. c4 Nf6 4. g3 O-O 5. Bg2 c6 6. Nc3 d6 7. O-O Qa5 8. e4 Bg4 9. h3 Bxf3 10. Bxf3 e5 11. d5 cxd5 12. cxd5 Nbd7 13. Be3 Rfc8 14. a3 a6 15. b4 Qd8 16. Rc1 Nb6 17. Be2 Nc4 18. Bxc4 Rxc4 19. f3 b5 20. Ne2 Rac8 21.
Qd3 Nd7 22. Rxc4 Rxc4 23. Rc1 Nb6 24. Kg2 Rxc1 25. Bxb6 Qxb6 26. Nxc1 Qc7 27. Nb3 h5 28. h4 Bh6 29. Kf1 Qc8 30. Kg2 Kg7 31. Kh2 f5 32. Kg2 f4 33. Kh2 fxg3+ 34. Kxg3 Bf4+ 35. Kg2 Qc4 36. Qxc4 bxc4 37. Na1 Kf7 38. a4 Ke7 39.
Nc2 Kd7 40. Na3 c3 41. Kf2 Kc7 42. Kg2 Bc1 43. Nc2 Kb6 44. Ne1 Be3 45. Nc2 Bh6 46.
Kf2 Bf8 47. Kg3 Be7 48. Ne3 Bd8 49. Nc4+ Kc7 50. Ne3 a5 51. b5 Kb6 52. Nc2 Kc5 53. f4 exf4+ 54. Kxf4 Bxh4 55. e5 Kxd5 56. exd6 Kxd6 57.
Ke4 Kc5 58. Kd3 Bf6 59. Ne3 g5 60. b6 Be5 61. b7 Kc6 62. Nc4 Bc7 63. Nxa5+ Bxa5 64. b8=Q Kd5 65. Qb5+ Ke6 66. Qxa5 Kf6 67. Qxc3+ Kf5 68.
Ke2 Kg4 69. Qf3+ Kh4 70. Qf5 g4 71. Ke3 g3 72. Qg6 g2 73. Kf2 g1=Q+ 74. Qxg1 Kh3 75. Qg3# 1-0

[Event "*** Titled Tuesday Blitz"]
[Site "Chess.com"]
[Date "2018.09.04"]
[Round "9"]
[White "ItalianMachine"]
[Black "enriquetejedor"]
[Result "0-1"]
[WhiteElo "2281"]
[BlackElo "2365"]
[TimeControl "180+2"]
[EndTime "15:42:21 PDT"]
[Termination "enriquetejedor won by resignation"]

1. e4 c5 2. Nf3 e6 3. b3 d5 4. exd5 exd5 5. Bb2 Nc6 6. Bb5 Nf6 7. O-O Be7 8. Re1 O-O 9. Bxc6 bxc6 10. Ne5 Qc7 11. d3 Bd6 12. Nd2 Bf5 13. Qf3 Bg6 14. Qh3 Rfe8 15. Ndf3 a5 16. a4 Re7 17. Nxg6 hxg6 18. Ng5 Nh5 19. g4 Rae8 20. Rf1 Bf4 21. gxh5 Bxg5 22.
hxg6 fxg6 23. Kh1 Qf4 24. Rg1 d4 25. Bc1 Qh4 26. Qg2 Bxc1 27. Raxc1 Re6 28. Rgf1 Rf8 29. Qg3 Qxg3 30. hxg3 Re2 31. Kg2 g5 32. c3 Rb2 33.
cxd4 cxd4 34. Rxc6 Rxb3 35. Rc5 Rxd3 36. Rxa5 Ra3 37. Rxg5 Rxa4 38. Rd5 Rf6 39. Rd1 Ra2 40. R1xd4 Raxf2+ 41. Kh3 Rh6+ 42. Kg4 Rff6 43. Rd8+ Kh7 44. R8d5 Ra6 45. Rh5 Rg6+ 46. Kh4 Rxh5+ 47. Kxh5 Rxg3 48. Rd1 Rg2 49. Rd3 Rg1 50. Rd2 Ra1 51. Rd3 Ra4 52. Rd6 Rb4 53. Rc6 Rd4 54. Rb6 Re4 55. Rc6 Re5+ 56.
Kg4 Ra5 57. Rd6 g6 58. Rc6 Kh6 59. Rb6 Ra3 60. Rc6 Ra4+ 61. Kg3 Kh5 62. Rc8 Ra3+ 63. Kf4 g5+ 64. Kf5 Rf3+ 65. Ke4 Rf7 66. Rc1 g4 67. Rh1+ Kg5 68. Ke3 g3 69. Ke2 Kg4 70. Rh6 g2 71. Rg6+ Kh3 72. Rh6+ Kg3 73. Rg6+ Kh2 74. Rh6+ Kg1 75.
Rg6 Rf5 76. Rg8 Rh5 77. Kf3 Rf5+ 78. Ke2 Rf6 79. Rg5 0-1

[Event "*** Titled Tuesday Blitz"]
[Site "Chess.com"]
[Date "2018.09.04"]
[Round "9"]
[White "ahmadzada13"]
[Black "SARGISMV"]
[Result "1/2-1/2"]
[WhiteElo "2642"]
[BlackElo "2496"]
[TimeControl "180+2"]
[EndTime "15:42:23 PDT"]
[Termination "Game drawn by agreement"]

1. e4 e6 2. d4 d5 3. Nd2 Nc6 4.
Ngf3 Nf6 5. e5 Nd7 6. Nb3 f6 7. exf6 Qxf6 8. Bg5 Qf7 9. Bb5 Bd6 10. O-O O-O 11.
Re1 h6 12. Bh4 a5 13. a4 Qh5 14. Bg3 Bxg3 15. hxg3 Nf6 16. Bxc6 bxc6 17. Re5 Qg6 18.
Nc5 Rb8 19. Nxe6 Bxe6 20. Rxe6 Rxb2 21. Rxc6 Qh5 22. Ne5 Qxd1+ 23. Rxd1 Rb4 24. Rxc7 Rxa4 25. Rb1 Rb4 26. Rxb4 axb4 27. Nc6 Ne4 28. f3 Nxg3 29. Nxb4 Ne2+ 30. Kf2 Nxd4 31. Nxd5 Rf7 32. Rc8+ Kh7 33. c4 Ra7 34. c5 Ra2+ 35. Ke3 Ne6 36. c6 Rxg2 37.
c7 Rc2 38. Ke4 h5 39. Ke5 Rc6 40.
Ne7 Rxc7 41. Kxe6 Rxc8 42. Nxc8 Kg6 43. Nd6 h4 44. Ne4 h3 45. f4 Kh5 46. f5 h2 47. Nf2 Kh4 48. Kf7 Kg3 49. Nh1+ Kg2 50. Kxg7 Kxh1 51. f6 Kg2 52. f7 h1=Q 53. f8=Q Qh3 54. Qa8+ Qf3 55. Qa2+ Qf2 56. Qd5+ Qf3 57. Qd2+ Qf2 58. Qd7 Qg3+ 59. Kf8 Qf3+ 60. Kg8 Qg3+ 61.
Kf7 Qf3+ 62. Kg6 Qg3+ 63. Kf6 Qf3+ 64. Ke7 Qe3+ 65. Kd8 Qg5+ 66. Kc8 Qc1+ 67. Kb8 Qb2+ 1/2-1/2